Thunder vs Inferno
Created - 27 janvier 2015 at 19:39
Goals
|
Thunder |
1 |
2 |
2 |
5 |
Inferno |
2 |
2 |
2 |
6 |
|
Shots
|
Thunder |
10 |
5 |
15 |
30 |
Inferno |
10 |
7 |
14 |
31 |
|
1st period
1. Inferno , Vladimir Sobotka 14 (Pavel Vorobiev) at 9:21
2. Thunder , Samuel Pahlsson 36 (Scott Parse, Pierre-Alexandre Parenteau) at 9:29
3. Inferno , Matt Kassian 5 (Brendan Mikkelson) at 16:09
Penalties :
Ray Macias (TRO) for Holding Stick (Minor) at 0:23
2nd period
4. Thunder , Brandon Mashinter 10 (Unassisted) at 3:51
5. Inferno , Brad Marchand 24 (Andrej Sekera, Yannick Weber) at 4:00 (PP)
6. Inferno , Colin Wilson 19 (Stephane Veilleux, Andrej Sekera) at 17:50 (SH)
7. Thunder , Jannik Hansen 6 (Daultan Leveillé, Samuel Pahlsson) at 19:58
Penalties :
Pierre-Alexandre Parenteau (TRO) for Roughing (Minor) at 3:55, Scott Parse (TRO) for Hooking (Minor) at 8:25, Cal O'Reilly (Anc) for High sticking (Minor) at 16:15
3rd period
8. Inferno , Stephane Veilleux 30 (Jonathan Ferland) at 2:15
9. Inferno , Pavel Vorobiev 22 (Simon Danis-Pepin, Andrej Sekera) at 4:23
10. Thunder , Matt D'Agostini 30 (Tom Pyatt) at 7:55
11. Thunder , Jeff Finger 5 (Samuel Pahlsson, Scott Parse) at 8:51 (PP)
Penalties :
Cal O'Reilly (Anc) for Cross-checking (Minor) at 8:46, Brad Marchand (Anc) for Hooking (Minor) at 11:08, Simon Danis-Pepin (Anc) for Slashing (Minor) at 13:41, Matt D'Agostini (TRO) for High sticking (Minor) at 15:14, Pierre-Alexandre Parenteau (TRO) for Roughing (Minor) at 19:59
Goalie Stats
Barry Brust (TRO), 13 saves from 17 shots - (0,765), 37:50 minutes
Mark Dekanich (TRO), 12 saves from 14 shots - (0,857), L, 1-16-1, 21:10 minutes
Josh Harding (Anc), 25 saves from 30 shots - (0,833), W, 23-11-3, 60:00 minutes
Players Stats for Thunder
Player Name G A P +/- PIM S H SB GA TA FO MP PP MP PK MP
------------------------------------------------------------------------------------
Brandon Mashinter 1 0 1 0 0 1 0 0 1 0 1/2 12:26 0:00 1:13
Brett Festerling 0 0 0 0 0 0 0 1 0 0 0/0 5:55 0:00 0:24
Casey Pierro-Zabotel 0 0 0 -1 0 1 2 0 0 0 1/1 11:56 0:00 0:59
Colby Cohen 0 0 0 0 0 0 0 0 0 0 0/0 0:00 0:00 0:00
Dany Roussin 0 0 0 -2 0 2 3 0 1 1 1/1 20:01 2:41 2:41
Daultan Leveillé 0 1 1 1 0 2 0 0 0 0 0/0 6:12 0:00 0:07
David Fischer 0 0 0 0 0 1 0 0 0 0 0/0 4:47 0:00 0:00
Derek Peltier 0 0 0 -1 0 0 1 1 0 1 0/0 19:20 2:48 2:50
Doug Janik 0 0 0 -1 0 0 2 1 1 0 0/0 26:12 2:48 2:46
Jannik Hansen 1 0 1 1 0 2 0 0 0 0 0/0 6:04 0:00 0:00
Jeff Finger 1 0 1 -1 0 2 2 0 2 0 0/0 26:12 2:48 2:46
Jesse Blacker 0 0 0 0 0 0 0 0 0 0 0/0 0:00 0:00 0:00
Joey Ryan 0 0 0 1 0 0 0 1 0 0 0/0 9:41 0:00 0:00
Kelly Zajac 0 0 0 0 0 0 0 0 0 0 0/0 0:00 0:00 0:00
Kevin Montgomery 0 0 0 0 0 0 0 0 0 0 0/0 0:00 0:00 0:00
Mat Clark 0 0 0 0 0 0 0 0 0 0 0/0 0:00 0:00 0:00
Matt D'Agostini 1 0 1 -2 2 2 0 1 0 0 0/0 17:44 2:40 0:00
Pierre-Alexandre Parente 0 1 1 0 4 3 2 0 0 1 0/2 20:16 2:55 1:27
Ray Macias 0 0 0 -1 2 0 0 1 0 1 0/0 18:57 2:48 2:06
Robin Leblanc 0 0 0 0 0 3 2 0 0 1 0/0 11:30 0:00 0:00
Samuel Pahlsson 1 2 3 1 0 5 0 1 0 0 26/37 25:50 2:55 2:15
Scott Parse 0 2 2 0 2 3 1 0 1 0 0/1 21:43 2:55 1:40
Slava Voynov 0 0 0 1 0 1 0 0 0 0 0/0 10:03 0:00 0:22
Tim Gleason 0 0 0 0 0 0 0 0 0 0 0/0 0:00 0:00 0:00
Tom Pyatt 0 1 1 -2 0 2 1 2 0 0 6/17 19:03 2:41 0:48
Players Stats for Inferno
Player Name G A P +/- PIM S H SB GA TA FO MP PP MP PK MP
------------------------------------------------------------------------------------
Alex Berry 0 0 0 -1 0 0 2 0 0 0 0/0 8:44 0:00 0:00
Andrej Sekera 0 3 3 0 0 1 5 1 0 2 0/0 28:34 2:28 4:12
Brad Marchand 1 0 1 2 2 1 5 0 0 0 1/2 16:18 2:37 2:13
Brendan Mikkelson 0 1 1 2 0 0 1 1 0 1 0/0 14:31 0:18 2:25
Brian Boyle 0 0 0 -1 0 1 1 0 0 0 1/7 15:24 0:30 3:22
Cal O'Reilly 0 0 0 -1 4 1 2 0 0 0 2/3 9:48 0:00 1:05
Colin Wilson 1 0 1 1 0 6 3 0 0 1 14/33 20:55 2:37 0:44
David Savard 0 0 0 -1 0 0 2 0 0 0 0/0 17:56 2:50 0:00
David Ullstrom 0 0 0 -1 0 0 0 0 0 0 0/1 11:27 0:00 0:00
Jonathan Ferland 0 1 1 0 0 5 2 0 0 0 1/3 20:41 2:33 0:59
Matt Kassian 1 0 1 -1 0 3 2 0 1 0 0/0 9:20 0:00 0:33
Pavel Vorobiev 1 1 2 2 0 3 2 0 0 0 0/1 13:27 2:29 0:00
Simon Danis-Pepin 0 1 1 2 2 0 0 0 0 0 0/0 13:45 0:34 1:24
Stephane Veilleux 1 1 2 1 0 4 2 1 2 0 0/2 20:50 2:29 1:17
Travis Hamonic 0 0 0 -2 0 3 0 3 0 2 0/0 24:46 2:50 3:11
Vladimir Sobotka 1 0 1 2 0 2 1 2 2 0 7/9 14:26 2:29 0:59
Vladimir Zharkov 0 0 0 -1 0 1 2 0 0 0 0/0 12:01 0:30 0:00
Yannick Weber 0 1 1 1 0 0 4 2 0 0 0/0 21:01 2:46 0:00
3 Stars
1 - Samuel Pahlsson (TRO)
2 - Pavel Vorobiev (Anc)
3 - Andrej Sekera (Anc)
Power Play
Thunder - 1 on 4 Attempt(s) - 25,00%
Inferno - 1 on 6 Attempt(s) - 16,67%
Penalty Kill
Thunder - 5 on 6 Attempt(s) - 83,33%
- Score 0 goal in Penalty Kill
Inferno - 3 on 4 Attempt(s) - 75,00%
- Score 1 goal in Penalty Kill
Team Stat
Thunder - Hits : 16 - Faceoff Wins : 35 - Blocked Shots : 9 - Penalty Minutes : 10
Inferno - Hits : 36 - Faceoff Wins : 26 - Blocked Shots : 10 - Penalty Minutes : 8
Official
Referees : Auger Stephane and Pollock Kevin
Linesman : Tony Sericolo and Ryan Galloway
Game Notes
3:51 of 2nd period - Penalty Shot by Brandon Mashinter for Thunder - Goal!
Mark Dekanich enters game at 17:50 of 2nd period
7:55 of 3rd period - Thunder goal is going for a video replay. After video review, Goal.
Finance
Level 1 -- Attendance: 1510 (75,50%) -- Ticket Income 52 850 $
Level 2 -- Attendance: 721 (72,10%) -- Ticket Income 10 815 $
Total Attendance: 2231 (74,37%)
Total Ticket Income: 63 665 $
Other Income: 3 183 $
Total Income: 66 848 $
Thunder
5 vs 5 Forward
Center Left Wing Right Wing Time % Phy DF OF
1 Samuel Pahlsson Scott Parse Pierre-Alexandre Parentea40 1 2 2
2 Tom Pyatt Dany Roussin Matt D'Agostini 30 1 2 2
3 Brandon Mashinter Casey Pierro-Zabotel Robin Leblanc 20 1 2 2
4 Daultan Leveillé Samuel Pahlsson Jannik Hansen 10 1 2 2
5 vs 5 Defense
Defense Defense Time % Phy DF OF
1 Doug Janik Jeff Finger 40 1 2 2
2 Ray Macias Derek Peltier 30 1 2 2
3 Joey Ryan Slava Voynov 20 1 2 2
4 Brett Festerling David Fischer 10 1 2 2
PowerPlay Forward
Center Left Wing Right Wing Time % Phy DF OF
1 Samuel Pahlsson Scott Parse Pierre-Alexandre Parentea60 1 2 2
2 Tom Pyatt Dany Roussin Matt D'Agostini 40 1 2 2
PowerPlay Defense
Defense Defense Time % Phy DF OF
1 Doug Janik Jeff Finger 60 1 2 2
2 Ray Macias Derek Peltier 40 1 2 2
Penalty Kill 4 Players Forward
Center Wing Time % Phy DF OF
1 Samuel Pahlsson Scott Parse 60 1 2 2
2 Dany Roussin Pierre-Alexandre Parentea40 1 2 2
Penalty Kill 4 Players Defense
Defense Defense Time % Phy DF OF
1 Doug Janik Jeff Finger 60 1 2 2
2 Ray Macias Derek Peltier 40 1 2 2
Penalty Kill - 3 Players Forward
Forward Time % Phy DF OF
1 Samuel Pahlsson 60 1 2 2
2 Scott Parse 40 1 2 2
Penalty Kill - 3 Players Defense
Defense Defense Time % Phy DF OF
1 Doug Janik Jeff Finger 60 1 2 2
2 Ray Macias Derek Peltier 40 1 2 2
4 vs 4 Forward
Center Wing Time % Phy DF OF
1 Samuel Pahlsson Scott Parse 60 1 2 2
2 Dany Roussin Pierre-Alexandre Parentea40 1 2 2
4 vs 4 Defense
Defense Defense Time % Phy DF OF
1 Doug Janik Jeff Finger 60 1 2 2
2 Ray Macias Derek Peltier 40 1 2 2
Last Minutes Offensive
Center Left Wing Right Wing Defense Defense
Samuel Pahlsson Scott Parse Pierre-Alexandre ParenteaDoug Janik Jeff Finger
Last Minutes Defensive
Center Left Wing Right Wing Defense Defense
Samuel Pahlsson Scott Parse Pierre-Alexandre ParenteaDoug Janik Jeff Finger
Goaltenders
Starting : Barry Brust
Backup : Mark Dekanich
Extra Forwards
Normal : Robin Leblanc, Jannik Hansen, Brandon Mashinter - PP : Robin Leblanc, Jannik Hansen - PK : Brandon Mashinter
Extra Defensemen
Normal : Joey Ryan, Slava Voynov, Brett Festerling - PP : Joey Ryan - PK : Slava Voynov, Brett Festerling
Penalty Shots
Samuel Pahlsson, Scott Parse, Dany Roussin, Pierre-Alexandre Parenteau, Matt D'Agostini
Inferno
5 vs 5 Forward
Center Left Wing Right Wing Time % Phy DF OF
1 Colin Wilson Stephane Veilleux Jonathan Ferland 40 1 2 2
2 Vladimir Sobotka Brad Marchand Pavel Vorobiev 30 1 2 2
3 Brian Boyle David Ullstrom Vladimir Zharkov 20 1 2 2
4 Cal O'Reilly Matt Kassian Alex Berry 10 1 2 2
5 vs 5 Defense
Defense Defense Time % Phy DF OF
1 Andrej Sekera Yannick Weber 40 1 2 2
2 David Savard Travis Hamonic 30 1 2 2
3 Brendan Mikkelson Simon Danis-Pepin 20 1 2 2
4 Andrej Sekera Travis Hamonic 10 1 2 2
PowerPlay Forward
Center Left Wing Right Wing Time % Phy DF OF
1 Colin Wilson Brad Marchand Jonathan Ferland 60 1 2 2
2 Vladimir Sobotka Stephane Veilleux Pavel Vorobiev 40 1 2 2
PowerPlay Defense
Defense Defense Time % Phy DF OF
1 Andrej Sekera Yannick Weber 60 1 2 2
2 David Savard Travis Hamonic 40 1 2 2
Penalty Kill 4 Players Forward
Center Wing Time % Phy DF OF
1 Brian Boyle Brad Marchand 60 1 2 2
2 Vladimir Sobotka Jonathan Ferland 40 1 2 2
Penalty Kill 4 Players Defense
Defense Defense Time % Phy DF OF
1 Andrej Sekera Travis Hamonic 60 1 2 2
2 Brendan Mikkelson Simon Danis-Pepin 40 1 2 2
Penalty Kill - 3 Players Forward
Forward Time % Phy DF OF
1 Stephane Veilleux 60 1 2 2
2 Brad Marchand 40 1 2 2
Penalty Kill - 3 Players Defense
Defense Defense Time % Phy DF OF
1 Andrej Sekera Travis Hamonic 60 1 2 2
2 Brendan Mikkelson Simon Danis-Pepin 40 1 2 2
4 vs 4 Forward
Center Wing Time % Phy DF OF
1 Colin Wilson Brad Marchand 60 1 2 2
2 Vladimir Sobotka Jonathan Ferland 40 1 2 2
4 vs 4 Defense
Defense Defense Time % Phy DF OF
1 Andrej Sekera Yannick Weber 60 1 2 2
2 David Savard Travis Hamonic 40 1 2 2
Last Minutes Offensive
Center Left Wing Right Wing Defense Defense
Colin Wilson Stephane Veilleux Jonathan Ferland Andrej Sekera Yannick Weber
Last Minutes Defensive
Center Left Wing Right Wing Defense Defense
Colin Wilson Stephane Veilleux Jonathan Ferland Andrej Sekera Travis Hamonic
Goaltenders
Starting : Josh Harding
Backup : Jonathan Boutin
Extra Forwards
Normal : Brian Boyle, Vladimir Zharkov, Cal O'Reilly - PP : Brian Boyle, Vladimir Zharkov - PK : Cal O'Reilly
Extra Defensemen
Normal : Brendan Mikkelson, David Savard, Simon Danis-Pepin - PP : Brendan Mikkelson - PK : Brendan Mikkelson, Simon Danis-Pepin
Penalty Shots
Stephane Veilleux, Brad Marchand, Colin Wilson, Jonathan Ferland, Pavel Vorobiev
% Time on Ice - Thunder
Lines # - Real PCT - Wanted PCT - Time Play
Normal Forward
1 - 34% - 40% - 15:51
2 - 32% - 30% - 15:02
3 - 22% - 20% - 10:36
4 - 12% - 10% - 5:40
Normal Defense
1 - 41% - 40% - 19:08
2 - 29% - 30% - 13:33
3 - 21% - 20% - 9:41
4 - 10% - 10% - 4:47
PP Forward
1 - 52% - 60% - 2:55
2 - 48% - 40% - 2:41
PP Defense
1 - 50% - 60% - 2:48
2 - 50% - 40% - 2:48
PK Forward
1 - 74% - 60% - 4:09
2 - 26% - 40% - 1:27
PK Defense
1 - 49% - 60% - 2:46
2 - 51% - 40% - 2:50
PK3 Forward
1 - 0% - 60%
2 - 0% - 40%
PK3 Defense
1 - 0% - 60%
2 - 0% - 40%
44 Forward
1 - 100% - 60% - 0:26
2 - 0% - 40% - 0:00
44 Defense
1 - 100% - 60% - 0:26
2 - 0% - 40% - 0:00
Last Minute Offensive - 1:13
Last Minute Defensive - 0:00
Total
Forward - 60:00
Defense - 60:00
|
% Time on Ice - Inferno
Lines # - Real PCT - Wanted PCT - Time Play
Normal Forward
1 - 34% - 40% - 16:16
2 - 23% - 30% - 10:58
3 - 24% - 20% - 11:27
4 - 18% - 10% - 8:44
Normal Defense
1 - 38% - 40% - 17:52
2 - 32% - 30% - 15:07
3 - 25% - 20% - 11:47
4 - 6% - 10% - 2:39
PP Forward
1 - 56% - 60% - 3:07
2 - 44% - 40% - 2:29
PP Defense
1 - 49% - 60% - 2:46
2 - 51% - 40% - 2:50
PK Forward
1 - 82% - 60% - 4:37
2 - 18% - 40% - 0:59
PK Defense
1 - 57% - 60% - 3:11
2 - 43% - 40% - 2:25
PK3 Forward
1 - 0% - 60%
2 - 0% - 40%
PK3 Defense
1 - 0% - 60%
2 - 0% - 40%
44 Forward
1 - 100% - 60% - 0:26
2 - 0% - 40% - 0:00
44 Defense
1 - 100% - 60% - 0:26
2 - 0% - 40% - 0:00
Last Minute Offensive - 0:00
Last Minute Defensive - 0:57
Total
Forward - 60:00
Defense - 60:00
|
Play by Play
1st period
0:01 of 1st period - Colin Wilson wins face-off versus Pierre-Alexandre Parenteau in neutral zone.
0:14 of 1st period - Snap shot by Pierre-Alexandre Parenteau.
0:14 of 1st period - Shot Misses the Net.
0:16 of 1st period - Snap shot by Samuel Pahlsson.
0:16 of 1st period - Stopped by Josh Harding without a rebound.
0:17 of 1st period - Vladimir Sobotka wins face-off versus Tom Pyatt in Inferno zone.
0:23 of 1st period - Minor Penalty to Ray Macias for Holding Stick.
0:24 of 1st period - Samuel Pahlsson wins face-off versus Colin Wilson in Thunder zone.
2:23 of 1st period - Penalty to Ray Macias is over, Ray Macias is back on ice.
3:02 of 1st period - Slapshot by Jannik Hansen.
3:02 of 1st period - Shot Misses the Net.
3:32 of 1st period - Ray Macias is hit by Vladimir Zharkov and loses puck.
5:28 of 1st period - Jannik Hansen is hit by Yannick Weber.
5:32 of 1st period - David Fischer is hit by Jonathan Ferland and loses puck.
5:45 of 1st period - Wrist shot by Vladimir Sobotka.
5:45 of 1st period - Shot Blocked by Matt D'Agostini.
6:13 of 1st period - Wrist shot by Colin Wilson.
6:13 of 1st period - Shot Misses the Net.
6:46 of 1st period - Icing by Dany Roussin.
6:47 of 1st period - Tom Pyatt wins face-off versus Colin Wilson in Thunder zone.
7:13 of 1st period - Joey Ryan is hit by Pavel Vorobiev and loses puck.
8:04 of 1st period - Wrist shot by Matt D'Agostini.
8:04 of 1st period - Stopped by Josh Harding with a rebound.
8:28 of 1st period - Derek Peltier is hit by Matt Kassian and loses puck.
8:47 of 1st period - Slapshot by Cal O'Reilly.
8:47 of 1st period - Deflect By Ray Macias.
8:47 of 1st period - Shot Blocked by Derek Peltier.
8:47 of 1st period - Puck is out of play.
8:48 of 1st period - Tom Pyatt wins face-off versus Colin Wilson in Thunder zone.
8:48 of 1st period - Tom Pyatt is hit by Colin Wilson.
8:56 of 1st period - Matt D'Agostini is hit by Jonathan Ferland.
9:21 of 1st period - Wrist shot by Vladimir Sobotka.
9:21 of 1st period - Goal by Vladimir Sobotka - Thunder : 0 - Inferno : 1.
9:22 of 1st period - Colin Wilson wins face-off versus Samuel Pahlsson in neutral zone.
9:29 of 1st period - Wrist shot by Scott Parse.
9:29 of 1st period - Deflect By Samuel Pahlsson.
9:29 of 1st period - Goal by Samuel Pahlsson - Thunder : 1 - Inferno : 1.
9:30 of 1st period - Jonathan Ferland wins face-off versus Scott Parse in neutral zone.
9:33 of 1st period - Jeff Finger is hit by Stephane Veilleux and loses puck.
10:02 of 1st period - Dany Roussin is hit by Brad Marchand.
10:23 of 1st period - David Ullstrom is hit by Casey Pierro-Zabotel and loses puck.
10:28 of 1st period - Wrist shot by Robin Leblanc.
10:28 of 1st period - Stopped by Josh Harding without a rebound.
10:29 of 1st period - Samuel Pahlsson wins face-off versus Stephane Veilleux in Inferno zone.
10:42 of 1st period - Snap shot by Stephane Veilleux.
10:42 of 1st period - Shot Misses the Net.
10:44 of 1st period - Snap shot by Jonathan Ferland.
10:44 of 1st period - Stopped by Barry Brust with a rebound.
11:01 of 1st period - Slapshot by Pavel Vorobiev.
11:01 of 1st period - Stopped by Barry Brust with a rebound.
11:18 of 1st period - Andrej Sekera is hit by Dany Roussin and loses puck.
11:23 of 1st period - Snap shot by Matt D'Agostini.
11:23 of 1st period - Shot Blocked by Yannick Weber.
11:25 of 1st period - Wrist shot by Matt D'Agostini.
11:25 of 1st period - Shot Misses the Net.
11:43 of 1st period - Wrist shot by Stephane Veilleux.
11:43 of 1st period - Shot Blocked by Brett Festerling.
11:53 of 1st period - Snap shot by Brandon Mashinter.
11:53 of 1st period - Shot Misses the Net.
12:25 of 1st period - Wrist shot by Jannik Hansen.
12:25 of 1st period - Shot Misses the Net.
12:27 of 1st period - Snap shot by Samuel Pahlsson.
12:27 of 1st period - Shot Misses the Net.
12:45 of 1st period - Snap shot by Colin Wilson.
12:45 of 1st period - Stopped by Barry Brust without a rebound.
12:46 of 1st period - Vladimir Sobotka wins face-off versus Samuel Pahlsson in Thunder zone.
12:53 of 1st period - Snap shot by Vladimir Sobotka.
12:53 of 1st period - Shot Misses the Net.
12:59 of 1st period - Backhand shot by Pavel Vorobiev.
12:59 of 1st period - Shot Misses the Net.
13:01 of 1st period - Slapshot by Pavel Vorobiev.
13:01 of 1st period - Shot Blocked by Samuel Pahlsson.
13:11 of 1st period - Ray Macias is hit by Andrej Sekera and loses puck.
13:23 of 1st period - Off-side.
13:24 of 1st period - Colin Wilson wins face-off versus Tom Pyatt in neutral zone.
13:39 of 1st period - Slapshot by Stephane Veilleux.
13:39 of 1st period - Stopped by Barry Brust without a rebound.
13:40 of 1st period - Vladimir Sobotka wins face-off versus Brandon Mashinter in Thunder zone.
13:47 of 1st period - Pavel Vorobiev is hit by Jeff Finger and loses puck.
14:04 of 1st period - Jeff Finger is hit by Brad Marchand and loses puck.
14:19 of 1st period - Doug Janik is hit by Brad Marchand and loses puck.
14:33 of 1st period - Slapshot by Robin Leblanc.
14:33 of 1st period - Stopped by Josh Harding without a rebound.
14:34 of 1st period - Samuel Pahlsson wins face-off versus Colin Wilson in Inferno zone.
14:35 of 1st period - Slapshot by Pierre-Alexandre Parenteau.
14:35 of 1st period - Stopped by Josh Harding with a rebound.
14:49 of 1st period - Slapshot by Jonathan Ferland.
14:49 of 1st period - Shot Blocked by Ray Macias.
14:59 of 1st period - Vladimir Zharkov is hit by Dany Roussin and loses puck.
15:24 of 1st period - Snap shot by Daultan Leveillé.
15:24 of 1st period - Stopped by Josh Harding with a rebound.
15:26 of 1st period - Wrist shot by David Fischer.
15:26 of 1st period - Stopped by Josh Harding without a rebound.
15:27 of 1st period - Cal O'Reilly wins face-off versus Tom Pyatt in Inferno zone.
15:45 of 1st period - Tom Pyatt is hit by David Savard.
16:09 of 1st period - Snap shot by Matt Kassian.
16:09 of 1st period - Goal by Matt Kassian - Thunder : 1 - Inferno : 2.
16:10 of 1st period - Samuel Pahlsson wins face-off versus Colin Wilson in neutral zone.
16:13 of 1st period - David Savard is hit by Scott Parse and loses puck.
16:36 of 1st period - Jonathan Ferland is hit by Doug Janik and loses puck.
16:43 of 1st period - Robin Leblanc is hit by David Savard and loses puck.
16:54 of 1st period - Wrist shot by Stephane Veilleux.
16:54 of 1st period - Stopped by Barry Brust with a rebound.
16:56 of 1st period - Wrist shot by Colin Wilson.
16:56 of 1st period - Shot Misses the Net.
16:58 of 1st period - Slapshot by Travis Hamonic.
16:58 of 1st period - Stopped by Barry Brust without a rebound.
16:59 of 1st period - Samuel Pahlsson wins face-off versus Vladimir Sobotka in Thunder zone.
16:59 of 1st period - Samuel Pahlsson is hit by Pavel Vorobiev.
17:25 of 1st period - Ray Macias is hit by Brian Boyle and loses puck.
17:30 of 1st period - Snap shot by Vladimir Zharkov.
17:30 of 1st period - Stopped by Barry Brust without a rebound.
17:31 of 1st period - Tom Pyatt wins face-off versus David Ullstrom in Thunder zone.
17:31 of 1st period - Tom Pyatt is hit by Vladimir Zharkov.
17:39 of 1st period - Wrist shot by Tom Pyatt.
17:39 of 1st period - Shot Misses the Net.
18:21 of 1st period - David Ullstrom is hit by Pierre-Alexandre Parenteau and loses puck.
18:26 of 1st period - Wrist shot by Samuel Pahlsson.
18:26 of 1st period - Shot Misses the Net.
18:28 of 1st period - Slapshot by Slava Voynov.
18:28 of 1st period - Stopped by Josh Harding with a rebound.
18:44 of 1st period - Off-side.
18:45 of 1st period - Colin Wilson wins face-off versus Samuel Pahlsson in neutral zone.
19:37 of 1st period - Wrist shot by Vladimir Sobotka.
19:37 of 1st period - Stopped by Barry Brust with a rebound.
19:53 of 1st period - Snap shot by Brandon Mashinter.
19:53 of 1st period - Stopped by Josh Harding with a rebound.
Goals for this period are 1 for Thunder vs 2 for Inferno.
Shots for this period are 10 for Thunder vs 10 for Inferno.
2nd period
0:01 of 2nd period - Colin Wilson wins face-off versus Samuel Pahlsson in neutral zone.
0:15 of 2nd period - Andrej Sekera is hit by Pierre-Alexandre Parenteau and loses puck.
0:30 of 2nd period - Snap shot by Vladimir Zharkov.
0:30 of 2nd period - Shot Blocked by Tom Pyatt.
0:32 of 2nd period - Slapshot by Andrej Sekera.
0:32 of 2nd period - Shot Misses the Net.
0:43 of 2nd period - Icing by Ray Macias.
0:44 of 2nd period - Colin Wilson wins face-off versus Tom Pyatt in Thunder zone.
0:47 of 2nd period - Wrist shot by Jonathan Ferland.
0:47 of 2nd period - Stopped by Barry Brust without a rebound.
0:48 of 2nd period - Samuel Pahlsson wins face-off versus Colin Wilson in Thunder zone.
1:14 of 2nd period - Jonathan Ferland is hit by Casey Pierro-Zabotel and loses puck.
1:19 of 2nd period - Wrist shot by Robin Leblanc.
1:19 of 2nd period - Shot Misses the Net.
1:21 of 2nd period - Snap shot by Robin Leblanc.
1:21 of 2nd period - Stopped by Josh Harding without a rebound.
1:22 of 2nd period - Tom Pyatt wins face-off versus Brad Marchand in Inferno zone.
1:47 of 2nd period - Joey Ryan is hit by Andrej Sekera and loses puck.
2:26 of 2nd period - Brandon Mashinter is hit by Stephane Veilleux and loses puck.
2:39 of 2nd period - Icing by Jonathan Ferland.
2:40 of 2nd period - Tom Pyatt wins face-off versus Colin Wilson in Inferno zone.
3:13 of 2nd period - Scott Parse is hit by Andrej Sekera and loses puck.
3:51 of 2nd period - Penalty Shot by Brandon Mashinter for Thunder.
3:51 of 2nd period - Deke by Brandon Mashinter.
3:51 of 2nd period - Goal by Brandon Mashinter - Thunder : 2 - Inferno : 2.
3:52 of 2nd period - Colin Wilson wins face-off versus Samuel Pahlsson in neutral zone.
3:53 of 2nd period - Samuel Pahlsson wins face-off versus Colin Wilson in Thunder zone.
3:55 of 2nd period - Minor Penalty to Pierre-Alexandre Parenteau for Roughing.
3:56 of 2nd period - Colin Wilson wins face-off versus Samuel Pahlsson in Thunder zone.
3:56 of 2nd period - Slapshot by Jonathan Ferland.
3:56 of 2nd period - Stopped by Barry Brust with a rebound.
3:58 of 2nd period - Slapshot by Yannick Weber.
3:58 of 2nd period - Shot Misses the Net.
4:00 of 2nd period - Slapshot by Andrej Sekera.
4:00 of 2nd period - Deflect By Brad Marchand.
4:00 of 2nd period - Goal by Brad Marchand - Thunder : 2 - Inferno : 3.
4:01 of 2nd period - Colin Wilson wins face-off versus Samuel Pahlsson in neutral zone.
4:31 of 2nd period - Slapshot by Pavel Vorobiev.
4:31 of 2nd period - Shot Blocked by Doug Janik.
6:03 of 2nd period - David Ullstrom is hit by Robin Leblanc and loses puck.
6:20 of 2nd period - Doug Janik is hit by Alex Berry and loses puck.
7:01 of 2nd period - Robin Leblanc is hit by Brad Marchand.
8:11 of 2nd period - Jeff Finger is hit by Andrej Sekera and loses puck.
8:25 of 2nd period - Minor Penalty to Scott Parse for Hooking.
8:26 of 2nd period - Brandon Mashinter wins face-off versus Colin Wilson in Thunder zone.
10:25 of 2nd period - Penalty to Scott Parse is over, Scott Parse is back on ice.
10:44 of 2nd period - Doug Janik is hit by Cal O'Reilly and loses puck.
10:51 of 2nd period - Snap shot by Jeff Finger.
10:51 of 2nd period - Shot Blocked by Brendan Mikkelson.
11:16 of 2nd period - Backhand shot by Samuel Pahlsson.
11:16 of 2nd period - Shot Blocked by Vladimir Sobotka.
11:18 of 2nd period - Wrist shot by Daultan Leveillé.
11:18 of 2nd period - Stopped by Josh Harding with a rebound.
11:56 of 2nd period - David Ullstrom is hit by Robin Leblanc and loses puck.
12:38 of 2nd period - Cal O'Reilly is hit by Dany Roussin and loses puck.
13:25 of 2nd period - Slava Voynov is hit by Cal O'Reilly and loses puck.
14:34 of 2nd period - Off-side.
14:35 of 2nd period - Cal O'Reilly wins face-off versus Tom Pyatt in neutral zone.
14:38 of 2nd period - Snap shot by Cal O'Reilly.
14:38 of 2nd period - Deflect By Matt Kassian.
14:38 of 2nd period - Stopped by Barry Brust without a rebound.
14:39 of 2nd period - Tom Pyatt wins face-off versus Cal O'Reilly in Thunder zone.
14:49 of 2nd period - Off-side.
14:50 of 2nd period - Samuel Pahlsson wins face-off versus Stephane Veilleux in neutral zone.
15:47 of 2nd period - Slapshot by Samuel Pahlsson.
15:47 of 2nd period - Shot Misses the Net.
16:01 of 2nd period - Slapshot by Cal O'Reilly.
16:01 of 2nd period - Stopped by Barry Brust with a rebound.
16:03 of 2nd period - Snap shot by Matt Kassian.
16:03 of 2nd period - Stopped by Barry Brust with a rebound.
16:15 of 2nd period - Minor Penalty to Cal O'Reilly for High sticking.
16:16 of 2nd period - Samuel Pahlsson wins face-off versus Brian Boyle in Inferno zone.
16:21 of 2nd period - Slapshot by Scott Parse.
16:21 of 2nd period - Shot Misses the Net.
16:23 of 2nd period - Snap shot by Ray Macias.
16:23 of 2nd period - Shot Blocked by Travis Hamonic.
17:02 of 2nd period - Snap shot by Dany Roussin.
17:02 of 2nd period - Shot Misses the Net.
17:50 of 2nd period - Snap shot by Stephane Veilleux.
17:50 of 2nd period - Deflect By Colin Wilson.
17:50 of 2nd period - Goal by Colin Wilson - Thunder : 2 - Inferno : 4.
17:50 of 2nd period - Mark Dekanich enters game.
17:51 of 2nd period - Brad Marchand wins face-off versus Tom Pyatt in neutral zone.
18:15 of 2nd period - Penalty to Cal O'Reilly is over, Cal O'Reilly is back on ice.
18:36 of 2nd period - Robin Leblanc is hit by Brendan Mikkelson and loses puck.
18:41 of 2nd period - Slapshot by Cal O'Reilly.
18:41 of 2nd period - Deflect By Alex Berry.
18:41 of 2nd period - Shot Misses the Net.
18:41 of 2nd period - Puck is out of play.
18:42 of 2nd period - Samuel Pahlsson wins face-off versus Colin Wilson in Thunder zone.
18:49 of 2nd period - Slapshot by Jeff Finger.
18:49 of 2nd period - Deflect By Andrej Sekera.
18:49 of 2nd period - Stopped by Josh Harding with a rebound.
19:02 of 2nd period - Pierre-Alexandre Parenteau is hit by Colin Wilson and loses puck.
19:54 of 2nd period - Snap shot by Samuel Pahlsson.
19:54 of 2nd period - Deflect By Jannik Hansen.
19:54 of 2nd period - Stopped by Josh Harding with a rebound.
19:56 of 2nd period - Wrist shot by Daultan Leveillé.
19:56 of 2nd period - Shot Blocked by Travis Hamonic.
19:58 of 2nd period - Snap shot by Jannik Hansen.
19:58 of 2nd period - Goal by Jannik Hansen - Thunder : 3 - Inferno : 4.
19:59 of 2nd period - Samuel Pahlsson wins face-off versus Colin Wilson in neutral zone.
Goals for this period are 2 for Thunder vs 2 for Inferno.
Shots for this period are 5 for Thunder vs 7 for Inferno.
3rd period
0:01 of 3rd period - Colin Wilson wins face-off versus Samuel Pahlsson in neutral zone.
0:10 of 3rd period - Off-side.
0:11 of 3rd period - Samuel Pahlsson wins face-off versus Colin Wilson in neutral zone.
0:24 of 3rd period - Snap shot by Scott Parse.
0:24 of 3rd period - Shot Misses the Net.
0:49 of 3rd period - Slapshot by Pavel Vorobiev.
0:49 of 3rd period - Stopped by Mark Dekanich with a rebound.
1:09 of 3rd period - Snap shot by Robin Leblanc.
1:09 of 3rd period - Shot Misses the Net.
1:27 of 3rd period - Slapshot by Travis Hamonic.
1:27 of 3rd period - Stopped by Mark Dekanich with a rebound.
1:37 of 3rd period - Wrist shot by Brian Boyle.
1:37 of 3rd period - Stopped by Mark Dekanich with a rebound.
1:59 of 3rd period - Wrist shot by Brian Boyle.
1:59 of 3rd period - Shot Blocked by Joey Ryan.
2:01 of 3rd period - Wrist shot by Travis Hamonic.
2:01 of 3rd period - Stopped by Mark Dekanich without a rebound.
2:02 of 3rd period - Dany Roussin wins face-off versus Colin Wilson in Thunder zone.
2:13 of 3rd period - Snap shot by Jonathan Ferland.
2:13 of 3rd period - Stopped by Mark Dekanich with a rebound.
2:15 of 3rd period - Snap shot by Stephane Veilleux.
2:15 of 3rd period - Goal by Stephane Veilleux - Thunder : 3 - Inferno : 5.
2:16 of 3rd period - Samuel Pahlsson wins face-off versus Colin Wilson in neutral zone.
2:23 of 3rd period - Slapshot by Doug Janik.
2:23 of 3rd period - Shot Blocked by Yannick Weber.
2:31 of 3rd period - Slapshot by Samuel Pahlsson.
2:31 of 3rd period - Stopped by Josh Harding with a rebound.
3:44 of 3rd period - Wrist shot by Brandon Mashinter.
3:44 of 3rd period - Shot Misses the Net.
3:46 of 3rd period - Slapshot by Casey Pierro-Zabotel.
3:46 of 3rd period - Shot Blocked by Stephane Veilleux.
3:48 of 3rd period - Slapshot by Casey Pierro-Zabotel.
3:48 of 3rd period - Stopped by Josh Harding without a rebound.
3:49 of 3rd period - Samuel Pahlsson wins face-off versus Colin Wilson in Inferno zone.
4:14 of 3rd period - Yannick Weber is hit by Jeff Finger and loses puck.
4:21 of 3rd period - Snap shot by Simon Danis-Pepin.
4:21 of 3rd period - Shot Blocked by Tom Pyatt.
4:23 of 3rd period - Snap shot by Pavel Vorobiev.
4:23 of 3rd period - Goal by Pavel Vorobiev - Thunder : 3 - Inferno : 6.
4:24 of 3rd period - Samuel Pahlsson wins face-off versus Jonathan Ferland in neutral zone.
4:27 of 3rd period - Slapshot by Scott Parse.
4:27 of 3rd period - Stopped by Josh Harding without a rebound.
4:28 of 3rd period - Colin Wilson wins face-off versus Samuel Pahlsson in Inferno zone.
4:35 of 3rd period - Wrist shot by Stephane Veilleux.
4:35 of 3rd period - Shot Misses the Net.
4:37 of 3rd period - Snap shot by Colin Wilson.
4:37 of 3rd period - Stopped by Mark Dekanich with a rebound.
4:44 of 3rd period - Ray Macias is hit by Yannick Weber and loses puck.
4:48 of 3rd period - Icing by Yannick Weber.
4:49 of 3rd period - Colin Wilson wins face-off versus Tom Pyatt in Inferno zone.
4:56 of 3rd period - Snap shot by Dany Roussin.
4:56 of 3rd period - Shot Misses the Net.
5:15 of 3rd period - Snap shot by Colin Wilson.
5:15 of 3rd period - Stopped by Mark Dekanich with a rebound.
6:05 of 3rd period - Wrist shot by Stephane Veilleux.
6:05 of 3rd period - Stopped by Mark Dekanich with a rebound.
6:07 of 3rd period - Slapshot by Andrej Sekera.
6:07 of 3rd period - Stopped by Mark Dekanich without a rebound.
6:08 of 3rd period - Vladimir Sobotka wins face-off versus Tom Pyatt in Thunder zone.
6:56 of 3rd period - Vladimir Zharkov is hit by Tom Pyatt and loses puck.
7:29 of 3rd period - Snap shot by Tom Pyatt.
7:29 of 3rd period - Stopped by Josh Harding with a rebound.
7:31 of 3rd period - Snap shot by Dany Roussin.
7:31 of 3rd period - Stopped by Josh Harding with a rebound.
7:39 of 3rd period - Snap shot by Dany Roussin.
7:39 of 3rd period - Shot Misses the Net.
7:51 of 3rd period - Wrist shot by Matt D'Agostini.
7:51 of 3rd period - Shot Misses the Net.
7:53 of 3rd period - Snap shot by Tom Pyatt.
7:53 of 3rd period - Shot Misses the Net.
7:55 of 3rd period - Snap shot by Matt D'Agostini.
7:55 of 3rd period - Thunder goal is going for a video replay.
7:55 of 3rd period - The goal is good.
7:55 of 3rd period - Goal by Matt D'Agostini - Thunder : 4 - Inferno : 6.
7:56 of 3rd period - Vladimir Sobotka wins face-off versus Pierre-Alexandre Parenteau in neutral zone.
7:56 of 3rd period - Vladimir Sobotka is hit by Derek Peltier.
8:46 of 3rd period - Minor Penalty to Cal O'Reilly for Cross-checking.
8:47 of 3rd period - Samuel Pahlsson wins face-off versus Brian Boyle in Inferno zone.
8:51 of 3rd period - Slapshot by Jeff Finger.
8:51 of 3rd period - Deflect By Andrej Sekera.
8:51 of 3rd period - Goal by Jeff Finger - Thunder : 5 - Inferno : 6.
8:52 of 3rd period - Colin Wilson wins face-off versus Samuel Pahlsson in neutral zone.
8:54 of 3rd period - Off-side.
8:55 of 3rd period - Samuel Pahlsson wins face-off versus Jonathan Ferland in neutral zone.
8:57 of 3rd period - Off-side.
8:58 of 3rd period - Samuel Pahlsson wins face-off versus Colin Wilson in neutral zone.
10:03 of 3rd period - Doug Janik is hit by Alex Berry and loses puck.
10:29 of 3rd period - Wrist shot by Matt D'Agostini.
10:29 of 3rd period - Deflect By Tom Pyatt.
10:29 of 3rd period - Stopped by Josh Harding without a rebound.
10:30 of 3rd period - Colin Wilson wins face-off versus Tom Pyatt in Inferno zone.
10:35 of 3rd period - Derek Peltier is hit by Yannick Weber and loses puck.
11:08 of 3rd period - Minor Penalty to Brad Marchand for Hooking.
11:09 of 3rd period - Samuel Pahlsson wins face-off versus Brian Boyle in Inferno zone.
11:12 of 3rd period - Snap shot by Samuel Pahlsson.
11:12 of 3rd period - Shot Misses the Net.
11:14 of 3rd period - Slapshot by Scott Parse.
11:14 of 3rd period - Shot Misses the Net.
11:16 of 3rd period - Snap shot by Samuel Pahlsson.
11:16 of 3rd period - Shot Misses the Net.
11:18 of 3rd period - Wrist shot by Doug Janik.
11:18 of 3rd period - Shot Blocked by Andrej Sekera.
11:20 of 3rd period - Wrist shot by Samuel Pahlsson.
11:20 of 3rd period - Stopped by Josh Harding without a rebound.
11:21 of 3rd period - Samuel Pahlsson wins face-off versus Brian Boyle in Inferno zone.
11:46 of 3rd period - Tom Pyatt is hit by Andrej Sekera and loses puck.
12:44 of 3rd period - Doug Janik is hit by Matt Kassian.
13:08 of 3rd period - Penalty to Brad Marchand is over, Brad Marchand is back on ice.
13:13 of 3rd period - Icing by Andrej Sekera.
13:14 of 3rd period - Casey Pierro-Zabotel wins face-off versus Vladimir Sobotka in Inferno zone.
13:30 of 3rd period - Brandon Mashinter is hit by Brad Marchand.
13:41 of 3rd period - Minor Penalty to Simon Danis-Pepin for Slashing.
13:42 of 3rd period - Samuel Pahlsson wins face-off versus Brian Boyle in Inferno zone.
13:50 of 3rd period - Snap shot by Pierre-Alexandre Parenteau.
13:50 of 3rd period - Stopped by Josh Harding with a rebound.
13:52 of 3rd period - Slapshot by Jeff Finger.
13:52 of 3rd period - Shot Blocked by Travis Hamonic.
14:13 of 3rd period - Icing by Jeff Finger.
14:14 of 3rd period - Vladimir Sobotka wins face-off versus Tom Pyatt in Thunder zone.
14:15 of 3rd period - Wrist shot by Jonathan Ferland.
14:15 of 3rd period - Stopped by Mark Dekanich with a rebound.
14:27 of 3rd period - Slapshot by Jeff Finger.
14:27 of 3rd period - Shot Blocked by Vladimir Sobotka.
14:29 of 3rd period - Wrist shot by Tom Pyatt.
14:29 of 3rd period - Shot Misses the Net.
14:31 of 3rd period - Wrist shot by Dany Roussin.
14:31 of 3rd period - Stopped by Josh Harding without a rebound.
14:32 of 3rd period - Samuel Pahlsson wins face-off versus Brian Boyle in Inferno zone.
14:33 of 3rd period - Snap shot by Scott Parse.
14:33 of 3rd period - Stopped by Josh Harding without a rebound.
14:34 of 3rd period - Brian Boyle wins face-off versus Samuel Pahlsson in Inferno zone.
15:14 of 3rd period - Minor Penalty to Matt D'Agostini for High sticking.
15:15 of 3rd period - Samuel Pahlsson wins face-off versus Colin Wilson in Thunder zone.
15:21 of 3rd period - Snap shot by Colin Wilson.
15:21 of 3rd period - Stopped by Mark Dekanich with a rebound.
15:41 of 3rd period - Penalty to Simon Danis-Pepin is over, Simon Danis-Pepin is back on ice.
15:51 of 3rd period - Pierre-Alexandre Parenteau is hit by Colin Wilson and loses puck.
16:12 of 3rd period - Snap shot by Brad Marchand.
16:12 of 3rd period - Shot Misses the Net.
16:14 of 3rd period - Wrist shot by Colin Wilson.
16:14 of 3rd period - Stopped by Mark Dekanich without a rebound.
16:15 of 3rd period - Samuel Pahlsson wins face-off versus Pavel Vorobiev in Thunder zone.
17:14 of 3rd period - Penalty to Matt D'Agostini is over, Matt D'Agostini is back on ice.
17:21 of 3rd period - Tom Pyatt is hit by Yannick Weber and loses puck.
17:53 of 3rd period - Icing by Stephane Veilleux.
17:54 of 3rd period - Vladimir Sobotka wins face-off versus Tom Pyatt in Inferno zone.
17:54 of 3rd period - Vladimir Sobotka is hit by Doug Janik.
18:00 of 3rd period - Doug Janik is hit by Vladimir Sobotka and loses puck.
18:15 of 3rd period - Wrist shot by Brian Boyle.
18:15 of 3rd period - Shot Misses the Net.
19:00 of 3rd period - Thunder, Mark Dekanich is pulled from the net.
19:00 of 3rd period - Wrist shot by Samuel Pahlsson.
19:00 of 3rd period - Stopped by Josh Harding with a rebound.
19:02 of 3rd period - Wrist shot by Scott Parse.
19:02 of 3rd period - Stopped by Josh Harding without a rebound.
19:03 of 3rd period - Denis Savard call a timeout for Thunder.
19:03 of 3rd period - Samuel Pahlsson wins face-off versus Colin Wilson in Inferno zone.
19:28 of 3rd period - Snap shot by Pierre-Alexandre Parenteau.
19:28 of 3rd period - Stopped by Josh Harding without a rebound.
19:29 of 3rd period - Samuel Pahlsson wins face-off versus Colin Wilson in Inferno zone.
19:36 of 3rd period - Wrist shot by Jonathan Ferland.
19:36 of 3rd period - Shot Misses the Net.
19:59 of 3rd period - Minor Penalty to Pierre-Alexandre Parenteau for Roughing.
Goals for this period are 2 for Thunder vs 2 for Inferno.
Shots for this period are 15 for Thunder vs 14 for Inferno.
Goals for this period are 2 for Thunder vs 2 for Inferno.
Shots for this period are 15 for Thunder vs 14 for Inferno.
Output by the SimonT Hockey Simulator (STHS) for François Prévost -- Original Page W3C XHTML 1.0 Valid